 Dungeon Crawl Stone Soup version 0.30.1-11-g7821555f0a (webtiles) character file.

Game seed: 5768539190950062328

445 pkoi the Gusty (level 6, -3/40 HPs)
             Began as a Draconian Air Elementalist on Nov 20, 2023.
             Was a Follower of Hepliaklqana.
             Slain by an iron imp (8 damage)
             ... summoned by Eustachio
             ... on level 5 of the Dungeon.
             The game lasted 00:05:22 (5330 turns).

pkoi the Gusty (Draconian Air Elementalist)         Turns: 5330, Time: 00:05:23

Health: -3/40      AC:  6    Str: 10    XL:     6   Next: 72%
Magic:  1/10       EV: 12    Int: 18    God:    Hepliaklqana [*.....]
Gold:   254        SH:  0    Dex: 11    Spells: 1/11 levels left

rFire   . . .        f - +0 whip
rCold   . . .        (no shield)
rNeg    . . .        (body armour unavailable)
rPois   .            (helmet restricted)
rElec   .            (no cloak)
rCorr   .            (no gloves)
SInv    .            (no boots)
Will    .....        (no amulet)
Stlth   ++           (no ring)
HPRegen 0.26/turn    (no ring)
MPRegen 0.12/turn

%: no passive effects
@: no status effects
A: reduced essence, AC +6, unfitting armour, cold-blooded
a: Renounce Religion, Recall Ancestor, Ancestor Identity


You were on level 5 of the Dungeon.
You worshipped Hepliaklqana.
Hepliaklqana was aware of your devotion.
You visited 2 branches of the dungeon, and saw 6 of its levels.

You collected 254 gold pieces.

Inventory:

Hand Weapons
 d - a +0 short sword
 f - a +0 whip (weapon)
Magical Staves
 o - a staff of fire
Scrolls
 b - 2 scrolls of poison
 c - 2 scrolls of silence {unknown}
 g - a scroll of brand weapon {unknown}
 i - 2 scrolls of amnesia {unknown}
 l - a scroll of fear {unknown}
 m - a scroll of noise {unknown}
 q - a scroll of blinking {unknown}
 r - a scroll of identify {unknown}
Potions
 a - a potion of magic
 e - 3 potions of brilliance {unknown}
 h - 3 potions of curing {unknown}
 j - a potion of invisibility {unknown}
 k - a potion of ambrosia {unknown}
 n - a potion of degeneration {unknown}
 p - a potion of haste {unknown}


   Skills:
 - Level 1.7 Dodging
 - Level 1.7 Stealth
 - Level 3.0 Spellcasting
 - Level 1.0 Conjurations
 + Level 7.2 Air Magic


You had one spell level left.
You knew the following spells:

 Your Spells              Type           Power      Damage    Failure   Level
a - Shock                 Conj/Air       68%        1d7       3%          1
b - Static Discharge      Conj/Air       34%        2-4/arc   4%          2
c - Swiftness             Air            28%        N/A       2%          3
d - Airstrike             Air            14%        2d(2-18)  9%          4

Your spell library contained the following spells:

 Spells                   Type           Power      Damage    Failure   Level
 Sandblast                Erth           4%         2d4       16%         1
 Passwall                 Tmut/Erth      1%         N/A       24%         2
 Stone Arrow              Conj/Erth      8%         3d7       36%         3


Dungeon Overview and Level Annotations

Branches:
Dungeon (5/15)             Temple (1/1) D:4

Altars:
Ashenzari
Dithmenos
Elyvilon
Fedhas
Gozag
Hepliaklqana
Kikubaaqudgha
Nemelex Xobeh
Okawaru
Qazlal
Ru
Uskayaw
Vehumet
Xom
The Shining One

Shops:
D:4 :   D:5 *

Annotations:
D:5 Eustachio, Sigmund


Innate Abilities, Weirdness & Mutations

Your life essence is reduced to manifest your ancestor. (-10% HP)
Your plain brown scales are hard. (AC +6)
You cannot fit into any form of body armour.
You are cold-blooded and may be slowed by cold attacks.


Message History

Eustachio blinks!
The white imp grins evilly.
The white imp gestures at you. The puff of frost hits you!
Aiming: Shock (safe; 3% risk of failure)
Press: ? - help, Q - select action, (/) - cycle Shift-Dir - straight line, f - Eustachio, p - iron imp
Aim: Eustachio, wielding a +0 falchion and wearing a +0 leather armour (moderately wounded, ally target, 60% to hit)
The zap hits Eustachio.
Eustachio is moderately wounded.
The iron imp barely misses you.
Unknown command.
You hit Eustachio.
Eustachio is moderately wounded.
Dunstan hits the iron imp but does no damage.
Eustachio hits you with a +0 falchion. The white imp gestures at you.
The puff of frost misses you.
Dunstan closely misses the iron imp.
You closely miss Eustachio.
Eustachio is moderately wounded.
The iron imp hits you! Eustachio hits you with a +0 falchion.
* * * LOW HITPOINT WARNING * * *
Dunstan hits the iron imp but does no damage.
Unknown command.
Unknown command.
Eustachio hits you with a +0 falchion.
* * * LOW HITPOINT WARNING * * *
Your magical contamination has completely faded away.
The white imp attacks as you move away! The white imp hits you.
* * * LOW HITPOINT WARNING * * *
The white imp freezes you.
You feel yourself slow down.
* * * LOW HITPOINT WARNING * * *
Dunstan barely misses Eustachio.
The air fills with toxic fumes!
As you read the scroll labelled NIEJOC GUMOUGO, it crumbles to dust.
It was a scroll of poison.
You feel yourself speed up.
Dunstan hits Eustachio.
The iron imp puffs mist at you. The iron imp hits you!
You die...

#.####...##.##
.###...##.......#.....#
###........##...§##....##
..§§(..... ##.§§....###
..§§§.... ##§§§....#
##§§§§...####§§§§....#
#.§§§§§.##§§§§§§#.####
#§§§§R5##§§§§§§###
#§§§§.@5@§§##.##
#§§§§§5§§§§§###
..§§§##§##§§§# ..#.
#§#.§§§# . # §..(#§§#
#§..##§§# §._. .§§#
##...# §§#


You could see the friendly Dunstan the ancestor, Eustachio (ally target), 2 iron
imps and a white imp (summoned).

Vanquished Creatures
  A black bear (D:4)
  A scorpion (D:4)
  An iguana (D:5)
  4 adders
  An ufetubus (D:4)
  2 dart slugs
  2 orcs (D:4)
  10 bats
  7 endoplasms
  2 giant cockroaches
  9 goblins
  2 hobgoblins
  A jackal (D:5)
  4 quokkas
  6 ball pythons
  A frilled lizard (D:3)
  7 kobolds
  5 rats
66 creatures vanquished.

Vanquished Creatures (collateral kills)
  2 scorpions
  A sleepcap (D:4)
  An adder (D:4)
  A giant cockroach (Temple)
  A jackal (D:5)
6 creatures vanquished.

Grand Total: 72 creatures vanquished

Notes
Turn   | Place    | Note
-------+----------+-------------------------------------------
     0 | D:1      | pkoi the Draconian Air Elementalist began the quest for the
                  | Orb.
     0 | D:1      | Reached XP level 1. HP: 14/14 MP: 3/3
   629 | D:1      | Reached XP level 2. HP: 20/20 MP: 1/5
  1253 | D:1      | Reached skill level 4 in Air Magic
  1486 | D:1      | Reached XP level 3. HP: 26/26 MP: 0/6
  1846 | D:2      | Learned a level 2 spell: Static Discharge
  1850 | D:2      | Learned a level 3 spell: Swiftness
  2030 | D:2      | Found a shimmering altar of Xom.
  2779 | D:3      | Reached XP level 4. HP: 33/33 MP: 1/7
  3134 | D:3      | Found a faded altar of an unknown god.
  3134 | D:3      | Found an opulent altar of Gozag.
  3141 | D:3      | Found a faded altar of an unknown god.
  3143 | D:3      | Found a hazy altar of Hepliaklqana.
  3144 | D:3      | Found a hide-covered altar of Uskayaw.
  3161 | D:3      | Became a worshipper of Hepliaklqana the Forgotten
  3574 | D:3      | Found a glowing golden altar of the Shining One.
  3979 | D:4      | Noticed a black bear
  3987 | D:4      | Killed a black bear
  3988 | D:4      | Reached skill level 5 in Air Magic
  3988 | D:4      | Reached XP level 5. HP: 31/38 MP: 1/9
  4058 | D:4      | Learned a level 4 spell: Airstrike
  4117 | D:4      | Reached * piety under Hepliaklqana
  4127 | D:4      | Found Heseffudi's Book Boutique.
  4127 | D:4      | Noticed a walking frostbound tome
  4129 | D:4      | Noticed a walking earthen tome
  4189 | D:4      | Reached skill level 6 in Air Magic
  4281 | D:4      | Found a staircase to the Ecumenical Temple.
  4304 | Temple   | Entered the Ecumenical Temple
  4582 | D:4      | Reached XP level 6. HP: 40/40 MP: 4/10
  5029 | D:5      | Entered Level 5 of the Dungeon
  5029 | D:5      | Noticed Sigmund
  5033 | D:5      | Reached skill level 7 in Air Magic
  5059 | D:5      | Noticed Eustachio
  5249 | D:5      | Found Nummetao's Neck Hole.
  5280 | D:5      | Found a sacrificial altar of Ru.
  5330 | D:5      | Slain by an iron imp

Illustrated notes

Levels and vault maps discovered:
D:1:      dpeg_arrival_circle_labyrinth_c, layout_loops_ring
D:2:      layout_rooms, basic_altar
D:3:      layout_basic, chequers_temple_overflow_minitemple, tso_altar
D:4:      cheibrodos_helix_gallery, layout_basic, minmay_temple_entry_arrows,
          serial_shops, nicolae_shop_mannequins, minmay_between
D:5:      nicolae_cairo_tiling, layout_cave_pools, lemuel_round_altar,
          mainiacjoe_overflow_small_starburst,
          nicolae_shop_sticking_my_neck_out, uniq_eustachio, uniq_sigmund
Temple:   jpeg_temple_island

Skill      XL: |  1  2  3  4  5  6 |
---------------+-------------------+-----
Air Magic      | 4 5 6 7 |  7.2
Spellcasting   | 3 |  3.0
Dodging        | |  1.7
Stealth        | |  1.7
Conjurations   | |  1.0

Action                     |  1- 3 |  4- 6 || total
---------------------------+-------+-------++-------
  Melee: Short sword       |     7 |       ||     7
         Whip              |    15 |     3 ||    18
         Tailslap          |     1 |       ||     1
   Cast: Shock             |    88 |    85 ||   173
         Static Discharge  |       |     4 ||     4
 Invoke: Recall Ancestor   |       |     1 ||     1
    Use: Potion            |     1 |       ||     1
         Scroll            |       |     1 ||     1
 Armour: Skin              |    18 |    12 ||    30
  Dodge: Dodged            |    33 |    13 ||    46
